 Dungeon Crawl Stone Soup version 0.24.0-13-gcf9b3192b9 (webtiles) character file.

Game seed: 6499979713571773699, levelgen mode: deterministic

288238 Flugslaktarn the Peltast (level 19, -26/188 HPs)
             Began as a Deep Dwarf Fighter on Nov 10, 2019.
             Was the Champion of Makhleb.
             Killed from afar by a deep elf annihilator (61 damage)
             ... with a crystal spear
             ... on level 5 of the Vaults.
             The game lasted 00:22:32 (20112 turns).

Flugslaktarn the Peltast (Deep Dwarf Fighter)      Turns: 20112, Time: 00:22:32

Health: -26/188    AC: 29    Str: 32    XL:     19   Next: 88%
Magic:  5/5        EV:  6    Int: 11    God:    Makhleb [******]
Gold:   3062       SH: 24    Dex: 12    Spells: 18/18 levels left

rFire    + + .     SeeInvis .   f - +1 broad axe (vamp)
rCold    + + .     Gourm    .   P - +0 large shield
rNeg     + + .     Faith    .   O - +5 gold dragon scales
rPois    +         Spirit   .   Q - +1 helmet
rElec    .         Reflect  .   u - scarf {rC+ rF+}
rCorr    .         Harm     .   (no gloves)
MR       +++..                  (no boots)
Stlth    ..........             H - amulet of rage
HPRegen  0.00/turn              m - ring of protection from magic
MPRegen  0.09/turn              R - ring "Bourph" {+Inv rN+ Str+4 Int+2 Slay+3}

@: lethally poisoned (-26 -> -26), non-regenerating
A: damage resistance, heal wounds, negative energy resistance 1, sense
surroundings 3, no regeneration
}: 2/15 runes: decaying, gossamer
a: Heal Wounds, Minor Destruction, Lesser Servant of Makhleb, Major Destruction,
Greater Servant of Makhleb, Renounce Religion, Evoke Berserk Rage, Evoke
Invisibility


You were on level 5 of the Vaults.
You worshipped Makhleb.
Makhleb was exalted by your worship.
You were not hungry.

You visited 7 branches of the dungeon, and saw 36 of its levels.

You collected 3725 gold pieces.
You spent 663 gold pieces at shops.

Inventory:

Hand Weapons
 a - a +4 broad axe
   (You found it on level 1 of the Lair of Beasts)
 f - a +1 vampiric broad axe (weapon)
   (You acquired it on level 5 of the Vaults)
 A - a +2 war axe of chopping
   (You took it off an orc warrior on level 9 of the Dungeon)
 S - the +6 hand axe "Cocedghar" {chop, rF- Str-2 Dex+8 SInv}
   (You found it on level 2 of the Lair of Beasts)

   It inflicts extra damage upon your enemies.
   It affects your strength (-2).
   It affects your dexterity (+8).
   It makes you vulnerable to fire.
   It lets you see invisible.
Armour
 u - a scarf of resistance (worn)
   (You found it on level 5 of the Vaults)
 O - +5 gold dragon scales (worn)
   (You found it on level 5 of the Vaults)
 P - a +0 large shield (worn)
   (You took it off Louise on level 2 of the Spider Nest)
 Q - a +1 helmet (worn)
   (You found it on level 6 of the Lair of Beasts)
Jewellery
 b - a +3 ring of evasion
   (You found it on level 4 of the Dungeon)
 m - a ring of protection from magic (left hand)
   (You found it on level 2 of the Lair of Beasts)
 p - a +5 ring of protection
   (You found it on level 3 of the Spider Nest)
 B - a +4 amulet of reflection
   (You found it on level 10 of the Dungeon)
 C - an uncursed ring of fire
   (You found it on level 3 of the Lair of Beasts)
 H - an amulet of rage (around neck)
   (You found it on level 5 of the Dungeon)
 R - the ring "Bourph" (right hand) {+Inv rN+ Str+4 Int+2 Slay+3}
   (You found it on level 8 of the Dungeon)

   [ring of intelligence]

   It affects your strength (+4).
   It affects your intelligence (+2).
   It affects your accuracy and damage with ranged weapons and melee attacks
   (+3).
   It protects you from negative energy.
   It lets you turn invisible.
 U - the ring "Gubliofe" {SInv Stlth+}
   (You found it on level 1 of the Vaults)

   [ring of see invisible]

   It lets you see invisible.
   It makes you more stealthy.
 W - a +3 ring of protection
   (You took it off a vault guard on level 5 of the Vaults)
 X - an uncursed amulet of magic regeneration
   (You took it off a vault guard on level 5 of the Vaults)
Wands
 k - a wand of paralysis (40)
   (You found it on level 9 of the Dungeon)
 o - a wand of enslavement (9)
   (You found it on level 8 of the Dungeon)
 v - a wand of digging (9)
   (You found it on level 8 of the Dungeon)
 V - a wand of clouds (1)
   (You found it on level 2 of the Vaults)
Scrolls
 c - 3 scrolls of fog
 i - 2 scrolls of magic mapping
 n - a scroll of silence
 r - 7 scrolls of identify
 t - 13 scrolls of teleportation
 x - 6 scrolls of immolation
 y - 6 scrolls of remove curse
 J - a scroll of enchant armour
Potions
 d - a potion of might
 g - 3 potions of berserk rage
 h - a potion of haste
 j - 7 potions of flight
 q - 5 potions of curing
 s - a potion of agility
 w - 5 potions of heal wounds
 D - 2 potions of mutation
 E - 3 potions of magic
 F - 7 potions of ambrosia
 G - 2 potions of lignification
 M - 2 potions of brilliance
 N - 3 potions of cancellation
Miscellaneous
 I - a phial of floods
   (You found it on level 3 of the Lair of Beasts)
 L - 2 boxes of beasts
 T - a lamp of fire
   (You found it on level 4 of the Spider Nest)
Comestibles
 e - 30 rations
 l - 18 chunks of flesh


   Skills:
 + Level 15.9 Fighting
 - Level 18.0 Axes
 + Level 18.4 Armour
 + Level 18.5 Shields
 - Level 6.0 Invocations
 - Level 15.0 Evocations


You had 18 spell levels left.
You didn't know any spells.
Your spell library was empty.

Dungeon Overview and Level Annotations

Branches:
Dungeon (14/15)            Temple (1/1) D:7            Lair (6/6) D:10
  Swamp (4/4) Lair:3       Spider (4/4) Lair:3        Slime (0/5) Lair:5
    Orc (2/2) D:9             Elf (0/3) Orc:2        Vaults (5/5) D:14
  Crypt (0/3) Vaults:3

Altars:
Ashenzari
Cheibriados
Dithmenos
Elyvilon
Fedhas
Gozag
Hepliaklqana
Makhleb
Nemelex Xobeh
Okawaru
Qazlal
Ru
Sif Muna
Trog
Uskayaw
Vehumet
Wu Jian
Yredelemnul
Zin
The Shining One
Jiyva

Shops:
D:13 :   Orc:2 }!?(   Vaults:3 (

Annotations:
D:10 3 runed translucent doors, Gruesph's ghost, journeyman HOFi
D:14 2 transporters, Fooni's ghost, journeyman HOGl
Lair:2 1 runed translucent door, Elebi's ghost, journeyman DrTm
Lair:4 exclusion: oklob plant


Innate Abilities, Weirdness & Mutations

You are resistant to damage.
You can heal yourself by infusing magical energy.
You resist negative energy. (rN+)
You passively map a large area around you.
You do not regenerate.


Message History

You are too injured to fight recklessly!
You are too injured to fight recklessly!
You are too injured to fight recklessly!
You are too injured to fight recklessly!
You hit the large abomination.
The large abomination is heavily damaged.
Your shield and gold dragon scales prevent you from hitting the large abomination.
You slash the large abomination!
You block the deep elf high priest's attack.
You block the large abomination's attack.
You hit the large abomination.
The large abomination is heavily damaged.
You closely miss the large abomination. x2
The large abomination hits you but does no damage.
The large abomination hits you!!
* * * LOW HITPOINT WARNING * * *
You block the orc warrior's attack.
The deep elf annihilator gestures at you while chanting.
The crystal spear hits you!!!
You die...

, *, , , #....).#
,* #######...).)#*
* , .............#
, # ,,,
,,............## .#
. ,,
.......))...###..#
#
........)##.)....#
#
###########......#
#* *
##########e.....# .
,
,......)@).......#
.
,,......XXXo......#
., ,
.....e..........# .
,
,................#
# *
############....#
., * , , , ....# #
, , ,, .#..# # , *,
,, * *..# # ,* * ,
, ,


You could see a deep elf annihilator, a deep elf high priest, 3 large
abominations and an orc warrior.

Vanquished Creatures
  An ancient lich (Vaults:5)
  A golden dragon (Vaults:5)
  A bone dragon (Vaults:3)
  3 tentacled monstrosities (Vaults:5)
  2 titans (Vaults:5)
  A quicksilver dragon (Vaults:5)
  3 sphinxes
  Kirke (Lair:5)
  6 shadow dragons (Vaults:5)
  3 storm dragons (Vaults:5)
  Donald (Spider:3)
  5 tengu reavers
  A frost giant (Vaults:2)
  A deep elf sorcerer (Vaults:5)
  A fire giant (Vaults:5)
  An iron dragon (Vaults:5)
  12 vault wardens
  A ghost moth (Spider:4)
  An orc warlord (Orc:2)
  Louise (Spider:2)
  2 emperor scorpions (Spider:4)
  A deep elf elementalist (Vaults:5)
  7 ironheart preservers
  3 war gargoyles (Vaults:5)
  9 stone giants
  2 entropy weavers (Spider:4)
  A deep elf demonologist (Vaults:5)
  A deep elf annihilator (Vaults:4)
  Azrael (Spider:1)
  2 spark wasps (Spider:4)
  6 ettins
  3 deep elf high priests (Vaults:5)
  7 yaktaur captains
  A deep elf death mage (Vaults:4)
  A fire dragon (Lair:6)
  35 vault guards
  2 ice dragons
  A rakshasa (Vaults:1)
  9 hydras
  4 centaur warriors
  8 death scarabs (Spider:4)
  22 two-headed ogres
  7 death yaks
  An orc high priest (Orc:2)
  A tengu warrior (D:13)
  Urug (Orc:2)
  An alligator (Swamp:4)
  8 ogre magi
  3 deep elf knights
  A shadow wraith (Vaults:4)
  The ghost of EriolAelfwine the Charmwright, a novice MfSk of Ashenzari (D:9)
  A spriggan druid (Swamp:3)
  An unseen horror (D:13)
  5 deep trolls
  4 phantasmal warriors (Vaults:5)
  A glowing orange brain (Vaults:5)
  5 swamp dragons (Swamp:4)
  A shadow dragon zombie (Vaults:5)
  11 ironbrand convokers
  3 spectral wolf spiders (Spider:4)
  2 wizards (D:14)
  A lindwurm (Lair:6)
  3 harpies (Vaults:5)
  2 deep elf archers
  9 orc knights
  Pikel (D:8)
  21 wolf spiders
  A necromancer (Vaults:5)
  8 orb spiders
  5 orc sorcerers
  A salamander (shapeshifter) (Vaults:5)
  13 deep elf magi
  A manticore (D:11)
  A fire giant zombie (Vaults:5)
  5 ugly things
  2 moths of wrath (Spider:4)
  5 cyclopes
  An elf zombie (Vaults:5)
  A centaur zombie (D:14)
  A guardian serpent (Lair:6)
  A guardian serpent (shapeshifter) (Vaults:2)
  8 black mambas
  5 torpor snails (Lair:6)
  8 vault sentinels
  2 centaur skeletons
  26 spiny frogs
  4 spectral redbacks (Spider:4)
  4 freezing wraiths
  2 rime drakes (Lair:4)
  14 yaktaurs
  A redback zombie (Spider:4)
  3 komodo dragons
  2 kobold demonologists (D:13)
  10 demonic crawlers
  14 trolls
  19 hornets
  A polar bear (Lair:6)
  7 tyrant leeches
  29 jumping spiders
  A polar bear (shapeshifter) (Vaults:1)
  4 spectral jumping spiders (Spider:4)
  A shadow dragon simulacrum (Vaults:5)
  A raiju (shapeshifter) (Vaults:4)
  3 spectral tarantellas (Spider:4)
  2 bog bodies (Swamp:4)
  11 blink frogs
  6 hippogriffs
  A jumping spider zombie (Spider:4)
  22 tarantellas
  3 spriggans (Swamp:3)
  2 wraiths
  6 basilisks
  72 redbacks
  23 yaks
  A vampire (D:13)
  9 wyverns (Lair:6)
  4 fire elementals (Spider:1)
  4 hogs (Lair:5)
  2 steam dragons
  A hungry ghost (D:8)
  15 vampire mosquitoes
  4 wargs
  2 swamp worms
  21 water moccasins
  A soldier ant (D:13)
  2 acid dragons
  2 hell hounds (Spider:1)
  A water moccasin (shapeshifter) (Vaults:5)
  35 orc warriors
  6 porcupines
  11 swamp drakes
  3 sky beasts
  6 ice beasts
  A slave (D:8)
  3 phantoms
  3 black bears
  2 hornet zombies
  3 eyes of draining
  6 centaurs
  A necrophage (D:8)
  39 ogres
  8 crocodiles
  5 big kobolds
  12 bullfrogs
  6 scorpions
  16 killer bees
  4 wights
  A howler monkey (D:5)
  2 electric eels (Spider:2)
  3 jellies
  11 crimson imps
  2 quasits
  A bullfrog zombie (D:8)
  9 hounds
  16 orc priests
  2 bullfrog skeletons
  2 iguanas
  15 orc wizards
  10 worker ants
  7 hell rats (Lair:3)
  A hound skeleton (D:11)
  A howler monkey skeleton (D:10)
  2 worker ant zombies
  4 gnolls (D:6)
  15 adders
  An ooze (D:4)
  An adder skeleton (D:5)
  5 worms
  5 leopard geckos
  91 orcs
  A ball python (D:5)
  6 giant cockroaches
  A goblin (D:2)
  2 quokkas
  A frilled lizard (D:4)
  19 kobolds
  A quokka skeleton (D:8)
  A quokka zombie (D:7)
  A crawling corpse (Vaults:5)
  4 fungi
  10 plants (Lair:6)
1126 creatures vanquished.

Vanquished Creatures (collateral kills)
  An emperor scorpion (Spider:4)
  4 hydras
  2 orb spiders (Spider:4)
  A torpor snail (Lair:1)
  A spiny frog (Swamp:1)
  A komodo dragon (Lair:2)
  A spectral tarantella (Spider:4)
  A tarantella (Spider:2)
  A water moccasin (Lair:2)
  2 swamp drakes (Swamp:4)
  A spectral hornet (Spider:4)
16 creatures vanquished.

Vanquished Creatures (others)
  A deep elf annihilator (Vaults:5)
  A spriggan berserker (Swamp:4)
  An unseen horror (shapeshifter) (Vaults:4)
  A wolf spider zombie (Spider:4)
  A wolf spider (Spider:1)
  A jumping spider (Spider:2)
  A hornet (Spider:1)
  A swamp worm (Swamp:4)
  An orc warrior (Vaults:4)
  A bullfrog (D:8)
  An adder skeleton (D:8)
  A leopard gecko (D:8)
  2 orcs
  A giant cockroach (D:8)
  21 fungi
  43 plants
79 creatures vanquished.

Grand Total: 1221 creatures vanquished

Notes
Turn   | Place    | Note
-------+----------+-------------------------------------------
     0 | D:1      | Flugslaktarn the Deep Dwarf Fighter began the quest for the
                  | Orb.
     0 | D:1      | Reached XP level 1. HP: 20/20 MP: 1/1
    79 | D:2      | Reached XP level 2. HP: 17/27 MP: 2/2
   204 | D:3      | Reached XP level 3. HP: 28/34 MP: 3/3
   228 | D:4      | Noticed a phantom
   273 | D:4      | Noticed a scorpion
   282 | D:4      | Killed a phantom
   282 | D:4      | Reached XP level 4. HP: 42/42 MP: 4/4
   282 | D:4      | Reached XP level 5. HP: 49/49 MP: 5/5
   352 | D:4      | Noticed a +0 hand axe
   352 | D:4      | Noticed a +0 hand axe
   364 | D:5      | Entered Level 5 of the Dungeon
   385 | D:4      | Found a hide-covered altar of Uskayaw.
   417 | D:4      | You fall into a shaft and drop 2 floors!
   417 | D:6      | Found a shattered altar of Ashenzari.
   417 | D:6      | Found an opulent altar of Gozag.
   447 | D:6      | Noticed an ice beast
   455 | D:6      | Killed an ice beast
   455 | D:6      | Reached XP level 6. HP: 43/57 MP: 6/6
   481 | D:6      | Found a sacrificial altar of Ru.
   482 | D:6      | Found a stormy altar of Qazlal.
   527 | D:6      | Reached skill level 5 in Axes
   841 | D:6      | You fall into a shaft and drop 1 floor!
   860 | D:7      | Noticed a hippogriff
   875 | D:7      | Killed a hippogriff
   875 | D:7      | Reached skill level 5 in Armour
   875 | D:7      | Reached skill level 5 in Shields
   875 | D:7      | Reached XP level 7. HP: 59/64 MP: 7/7
  1228 | D:5      | Reached XP level 8. HP: 39/73 MP: 7/7
  1574 | D:4      | Got a garnet-encrusted ring mail
  1585 | D:4      | Identified the cursed +0 ring mail of the Forgotten Orbs
                  | {rElec rN+ Str+3} (You found it on level 4 of the Dungeon)
  2174 | D:5      | Reached skill level 5 in Fighting
  2631 | D:6      | HP: 3/74 [orc warrior/+0 hand axe (9)]
  3035 | D:7      | Noticed a hippogriff
  3042 | D:7      | Killed a hippogriff
  3244 | D:7      | Found a staircase to the Ecumenical Temple.
  3251 | D:7      | Gained mutation: You passively map the area around you.
                  | [Deep Dwarf growth]
  3251 | D:7      | Reached XP level 9. HP: 63/81 MP: 6/6
  3255 | Temple   | Entered the Ecumenical Temple
  3443 | Temple   | Became a worshipper of Makhleb the Destroyer
  3727 | D:7      | Found a snail-covered altar of Cheibriados.
  4067 | D:8      | Noticed Pikel
  4089 | D:8      | Killed Pikel
  4107 | D:8      | Got a clouded granite ring
  4171 | D:8      | Reached * piety under Makhleb
  4400 | D:8      | Reached skill level 10 in Axes
  4679 | D:8      | Identified the ring "Bourph" {+Inv rN+ Str+4 Int+2 Slay+3}
                  | (You found it on level 8 of the Dungeon)
  4757 | D:9      | Noticed a centaur warrior
  4774 | D:9      | Killed a centaur warrior
  4774 | D:9      | Reached skill level 1 in Invocations
  4774 | D:9      | Reached skill level 1 in Evocations
  4774 | D:9      | Reached XP level 10. HP: 86/92 MP: 4/6
  4827 | D:9      | Reached ** piety under Makhleb
  4922 | D:9      | Found a sacrificial altar of Ru.
  4951 | D:9      | Noticed a two-headed ogre
  4973 | D:9      | Killed a two-headed ogre
  4999 | D:9      | Found a runed translucent door.
  5106 | D:9      | Found a sparkling altar of Nemelex Xobeh.
  5135 | D:9      | Found a radiant altar of Vehumet.
  5267 | D:9      | Found a staircase to the Orcish Mines.
  5679 | D:9      | Noticed EriolAelfwine's ghost (novice MfSk)
  5690 | D:9      | Killed EriolAelfwine's ghost
  5717 | D:10     | Entered Level 10 of the Dungeon
  5735 | D:10     | Noticed a two-headed ogre
  5741 | D:10     | Killed a two-headed ogre
  5741 | D:10     | Reached XP level 11. HP: 84/100 MP: 9/9
  5771 | D:10     | Reached *** piety under Makhleb
  5907 | D:10     | Found a staircase to the Lair.
  5993 | D:10     | Found a white marble altar of Elyvilon.
  6035 | D:10     | Found a runed translucent gate.
  6035 | D:10     | Found a runed translucent gate.
  6035 | D:10     | Found a runed translucent gate.
  6035 | D:10     | Noticed Gruesph's ghost (journeyman HOFi)
  6044 | D:10     | Reached skill level 5 in Evocations
  6226 | D:10     | Reached **** piety under Makhleb
  6555 | Lair:1   | Entered Level 1 of the Lair of Beasts
  6565 | Lair:1   | Reached skill level 5 in Invocations
  6660 | Lair:1   | Noticed a death yak
  6686 | Lair:1   | Killed a death yak
  6742 | Lair:1   | Noticed a five-headed hydra
  6762 | Lair:1   | Killed an eight-headed hydra
  7121 | Lair:2   | Noticed a death yak
  7121 | Lair:2   | Noticed a death yak
  7121 | Lair:2   | Noticed a death yak
  7121 | Lair:2   | Noticed a death yak
  7122 | Lair:2   | Noticed a death yak
  7131 | Lair:2   | Noticed a death yak
  7135 | Lair:2   | Killed a death yak
  7141 | Lair:2   | Killed a death yak
  7142 | Lair:2   | Killed a death yak
  7144 | Lair:2   | Killed a death yak
  7146 | Lair:2   | Killed a death yak
  7146 | Lair:2   | Reached XP level 12. HP: 110/110 MP: 8/10
  7148 | Lair:2   | Killed a death yak
  7226 | Lair:2   | Found a runed translucent door.
  7226 | Lair:2   | Noticed Elebi's ghost (journeyman DrTm)
  7498 | Lair:2   | Reached skill level 10 in Shields
  7543 | Lair:2   | Reached skill level 10 in Armour
  7741 | Lair:3   | Found a staircase to the Swamp.
  7918 | Lair:3   | Found a hole to the Spider Nest.
  7977 | Lair:3   | Noticed a six-headed hydra
  7996 | Lair:3   | Killed a six-headed hydra
  8839 | Lair:5   | Reached ***** piety under Makhleb
  9142 | Lair:5   | Found a staircase to the Slime Pits.
  9142 | Lair:5   | Found a viscous altar of Jiyva.
  9343 | Lair:5   | Noticed Kirke
  9352 | Lair:5   | Reached XP level 13. HP: 121/121 MP: 12/12
  9370 | Lair:5   | Killed Kirke
  9439 | Lair:6   | Entered Level 6 of the Lair of Beasts
 10010 | Lair:6   | Reached skill level 10 in Evocations
 10132 | Lair:6   | Reached skill level 15 in Axes
 10395 | Lair:6   | Reached ****** piety under Makhleb
 10399 | Lair:6   | Found a runed translucent door.
 10399 | Lair:6   | Noticed a fire dragon
 10506 | Lair:6   | Paralysed by a hornet for 2 turns
 10524 | Lair:6   | Gained mutation: You resist negative energy. (rN+) [Deep
                  | Dwarf growth]
 10524 | Lair:6   | Reached XP level 14. HP: 76/130 MP: 10/10
 10853 | Spider:1 | Entered Level 1 of the Spider Nest
 10872 | Spider:1 | Reached skill level 10 in Fighting
 11064 | Orc:1    | Entered Level 1 of the Orcish Mines
 11566 | Orc:2    | Entered Level 2 of the Orcish Mines
 11578 | Orc:2    | Noticed an orc warlord
 11610 | Orc:2    | Killed an orc warlord
 11745 | Orc:2    | Noticed Urug
 11775 | Orc:2    | Killed Urug
 11964 | Orc:2    | Found Vosorr's Antique Weapon Shop.
 11966 | Orc:2    | Found Tuemu's Magic Scroll Shop.
 11986 | Orc:2    | Found Axix's Distillery.
 12010 | Orc:2    | Bought a scroll of enchant armour for 120 gold pieces
 12010 | Orc:2    | Bought a scroll of blinking for 120 gold pieces
 12010 | Orc:2    | Bought a scroll of teleportation for 48 gold pieces
 12013 | Orc:2    | Found Moisiepu's Gadget Boutique.
 12016 | Orc:2    | Bought a potion of resistance for 150 gold pieces
 12016 | Orc:2    | Bought a potion of heal wounds for 75 gold pieces
 12016 | Orc:2    | Bought a potion of haste for 150 gold pieces
 12157 | Orc:2    | Found a staircase to the Elven Halls.
 12454 | Lair:2   | Got a crystal hand axe
 12455 | Lair:2   | Identified the +6 hand axe "Cocedghar" {chop, rF- Str-2
                  | Dex+8 SInv} (You found it on level 2 of the Lair of Beasts)
 12642 | Spider:1 | Noticed Azrael
 12665 | Spider:1 | Killed Azrael
 12815 | Spider:2 | Noticed Louise
 12852 | Spider:2 | Killed Louise
 12852 | Spider:2 | Reached XP level 15. HP: 73/140 MP: 7/7
 13737 | Spider:3 | Noticed Donald
 13759 | Spider:3 | Killed Donald
 13935 | Spider:4 | Entered Level 4 of the Spider Nest
 14554 | Spider:4 | Killed a ghost moth
 14703 | Spider:4 | Reached XP level 16. HP: 151/151 MP: 4/4
 14948 | Spider:4 | Got a gossamer rune of Zot
 15170 | Swamp:1  | Entered Level 1 of the Swamp
 15344 | Swamp:4  | Entered Level 4 of the Swamp
 15601 | Swamp:4  | Got a decaying rune of Zot
 16155 | D:12     | Found a burning altar of Makhleb.
 16441 | D:13     | Found Faanauk's Book Shoppe.
 16592 | D:13     | Found a frozen archway.
 17284 | D:14     | Found a transporter.
 17284 | D:14     | Noticed Fooni's ghost (journeyman HOGl)
 17288 | D:14     | Found a transporter.
 17374 | D:14     | Reached XP level 17. HP: 149/162 MP: 7/7
 17416 | D:14     | Found a gate to the Vaults.
 17440 | Vaults:1 | Entered Level 1 of the Vaults
 17455 | Vaults:1 | Reached skill level 15 in Evocations
 17543 | Vaults:1 | Got a brightly glowing golden ring
 17549 | Vaults:1 | Identified the ring "Gubliofe" {SInv Stlth+} (You found it
                  | on level 1 of the Vaults)
 18058 | Vaults:2 | Reached skill level 15 in Shields
 18138 | Vaults:3 | Noticed a bone dragon
 18165 | Vaults:3 | Killed a bone dragon
 18165 | Vaults:3 | Reached skill level 15 in Armour
 18167 | Vaults:3 | Found a staircase to the Crypt.
 18205 | Vaults:3 | Found Vaycal's Antique Weapon Shoppe.
 18838 | Vaults:4 | Gained mutation: You passively map a large area around you.
                  | [Deep Dwarf growth]
 18838 | Vaults:4 | Reached XP level 18. HP: 174/174 MP: 7/7
 19044 | Vaults:5 | Entered Level 5 of the Vaults
 19106 | Vaults:5 | Noticed a golden dragon
 19138 | Vaults:5 | Killed a golden dragon
 19592 | Vaults:5 | Identified a scroll of acquirement
 19624 | Vaults:5 | Noticed a tentacled monstrosity
 19624 | Vaults:5 | Noticed a tentacled monstrosity
 19641 | Vaults:5 | Killed a tentacled monstrosity
 19644 | Vaults:5 | Killed a tentacled monstrosity
 19731 | Vaults:5 | Reached XP level 19. HP: 184/184 MP: 7/7
 19745 | Vaults:5 | Noticed an ancient lich
 19747 | Vaults:5 | Reached skill level 15 in Fighting
 19955 | Vaults:5 | Killed an ancient lich
 20112 | Vaults:5 | Killed from afar by a deep elf annihilator

Levels and vault maps discovered:
D:1:      psy_arrival_fountain, layout_loops_cross, bh_walls_and_bars
D:2:      minmay_evil_eye, layout_basic, lemuel_zombie_altar_kikubaaqudgha,
          minmay_divided_ellipse
D:3:      layout_basic, lemuel_coloured_pillars_altar
D:4:      layout_loops_ring, dancing_weapons_uskayaw
D:5:      layout_basic, first_ration, st_stairs_7
D:6:      layout_basic, gammafunk_temple_overflow_statue,
          grunt_temple_overflow_open
D:7:      layout_loops_corners, slow_altar_2,
          minmay_temple_entry_enclosed_plants, grunt_ogre_cave,
          minmay_manual_moon
D:8:      layout_basic, minivault_10, uniq_pikel
D:9:      layout_irregular_city, kennysheep_mini_moat, fiery_altar_vehumet,
          erik_orc_1, ebering_ghost_reflecting_pool,
          nicolae_ru_sacrificial_ziggurat
D:10:     layout_loops_ring, grunt_lair_entry_orc_guard_hut,
          ebering_ghost_rock_garden, elyvilon_altar_4
D:11:     layout_cave_pods
D:12:     layout_basic, bloody_makhleb
D:13:     cheibrodos_fzero, layout_irregular_city,
          portal_ice_cave_entry_pillars_2, serial_shops, shop,
          kennysheep_small_square
D:14:     layout_loops_cross, grunt_vaults_entry_fortified, fedhas_altar_2,
          gammafunk_ghost_arena, grunt_ministairs_11
Temple:   minmay_temple_bridge_abc
Lair:1:   layout_concentric_octagons, minmay_hedge_maze, serial_bayou_pond_a
Lair:2:   minmay_lair_venomous_thicket, layout_hall_layers,
          hellmonk_ghost_happy_afterlife, serial_bayou_shore_b
Lair:3:   layout_cave_pods, swamp_mist, nicolae_spider_entry_tight_spaces
Lair:4:   layout_cave_shapes, dpeg_stationary_puzzle
Lair:5:   layout_regular_city, slime_altar_1, uniq_kirke
Lair:6:   hangedman_lair_tendril_chambers, layout_misc_corridors, wormcave
Swamp:1:  layout_basic_swamp, nicolae_swamp_very_dense_foliage,
          infiniplex_staircase_pool
Swamp:2:  layout_basic_swamp, hangedman_swamp_cone
Swamp:3:  layout_basic_swamp, hangedman_swamp_ruin_hall
Swamp:4:  swamp_basic_johnstein, layout_basic_swamp, swamp_pool5, worms_lemuel
Spider:1: layout_spider_delve, uniq_azrael
Spider:2: layout_spider_delve, uniq_louise
Spider:3: layout_spider_delve, uniq_nikola, uniq_donald
Spider:4: floodkiller_spider_rune_tomb
Orc:1:    layout_caves, nicolae_orc_crystal_geode
Orc:2:    st_orc_open, layout_diamond_mine, uniq_urug
Vaults:1: hangedman_vaults_trim, hangedman_vaults_stretched_pinwheel,
          dpeg_vaults_monster_box, hangedman_vaults_stretched_pinwheel,
          nicolae_vaults_windows_and_doors_thing, hangedman_vaults_maws,
          ontoclasm_vaults_spin, ontoclasm_vaults_decontamination,
          hangedman_vaults_snaps, layout_vaults_quadrants
Vaults:2: v_alt_pattern_4, vaults_mumra_chevron_long, hangedman_vaults_maws,
          v_pattern_1, grunt_vaults_focal, nicolae_vaults_murderbox,
          grunt_vaults_bifocal, vaults_mumra_hex, vaults_standard_mumra_x,
          nicolae_vaults_arrows, ontoclasm_vaults_tryst,
          nicolae_vaults_little_squares_1, layout_vaults_maze, serial_shops,
          nicolae_shop_temple_entry_statues_fountains, shop, basic_altar
Vaults:3: serial_ice_h, minmay_crypt_entry_nasty_monster,
          vaults_room_ringed_pool, nicolae_vaults_alarming,
          nicolae_vaults_network_quincunx
          [nicolae_vaults_network_quincunx_subvault,
          nicolae_vaults_network_quincunx_subvault,
          nicolae_vaults_network_quincunx_subvault,
          nicolae_vaults_network_quincunx_subvault,
          nicolae_vaults_network_quincunx_subvault], hangedman_vaults_trim,
          vaults_room_door_ring, nicolae_vaults_three_branches,
          vaults_room_semicircle, layout_vaults_chaotic_city, serial_shops,
          shop_fountains
Vaults:4: ontoclasm_vaults_loading_screen, ontoclasm_vaults_ring_small,
          v_misc_17, v_misc_19, hangedman_vaults_restitches,
          nicolae_vaults_little_ls, vaults_room_fours,
          nicolae_vaults_network_barrier, grunt_vaults_twisty,
          vaults_room_pools, nicolae_vaults_display_case, v_misc_29,
          nicolae_vaults_theta, layout_vaults_ring
Vaults:5

Skill      XL: |  1  2  3  4  5  6  7  8  9 10 11 12 13 14 15 16 17 18 19 |
---------------+----------------------------------------------------------+-----
Fighting       | 3 4 5 6 7 8 9 10 11 12 13 14 15 | 15.9
Axes           | 3 4 5 6 8 10 11 12 13 15 16 17 18 | 18.0
Armour         | 4 5 6 7 8 9 10 11 12 13 14 15 17 18 | 18.4
Shields        | 4 5 6 7 8 9 10 11 12 13 14 16 17 18 | 18.5
Invocations    | 1 4 6 |  6.0
Evocations     | 1 4 6 8 10 12 13 14 15 | 15.0

Action                   |  1- 3 |  4- 6 |  7- 9 | 10-12 | 13-15 | 16-18 | 19-21 || total
-------------------------+-------+-------+-------+-------+-------+-------+-------++-------
Melee: War axe           |    84 |    56 |   411 |   597 |   650 |       |       ||  1798
       Hand axe          |       |       |       |       |   485 |       |       ||   485
       Broad axe         |       |       |       |       |    58 |  1489 |   305 ||  1852
Invok: Lesser Servant of |       |       |       |    10 |     3 |     6 |       ||    19
 Abil: Heal Wounds       |     3 |     2 |    19 |    10 |    28 |    18 |     6 ||    86
       Evoke Berserk Rag |       |       |       |     1 |     7 |       |       ||     8
       Evoke Invisibilit |       |       |       |       |       |     1 |       ||     1
Evoke: Wand              |       |       |       |       |     2 |     7 |     3 ||    12
       Lamp of fire      |       |       |       |       |       |     1 |       ||     1
  Use: Scroll            |       |       |    11 |    13 |     2 |    20 |     2 ||    48
       Potion            |       |       |       |       |     5 |     5 |       ||    10
 Stab: Confused          |       |       |       |     2 |       |     2 |       ||     4
       Distracted        |       |       |       |       |     1 |     2 |       ||     3
       Paralysed         |       |       |       |       |       |     4 |       ||     4
       Invisible         |       |       |       |       |       |     1 |       ||     1
  Eat: Chunk             |       |       |     8 |    13 |    18 |    12 |     2 ||    53
       Ration            |       |       |     2 |     1 |     3 |     1 |       ||     7
Armor: Scale mail        |    18 |     7 |       |       |       |       |       ||    25
       Chain mail        |       |    13 |   116 |   194 |   494 |   708 |       ||  1525
       Ring mail         |       |       |    28 |       |       |       |       ||    28
       Gold dragon scale |       |       |       |       |       |   144 |   373 ||   517
Dodge: Dodged            |    12 |    20 |   130 |   180 |   410 |   279 |    84 ||  1115
Block: Shield            |    34 |    39 |   219 |   365 |   459 |       |       ||  1116
       Large shield      |       |       |       |       |   600 |  1499 |   575 ||  2674
